 Dungeon Crawl Stone Soup version 0.28.0-49-g6dfe1f597d (webtiles) character file.

Game seed: 5581653776609833607

37 Peloso the Shield-Bearer (level 3, 0/33 HPs)
             Began as a Minotaur Fighter on May 14, 2022.
             Slain by a phantom (2 damage)
             ... on level 4 of the Dungeon.
             The game lasted 00:02:21 (1917 turns).

Peloso the Shield-Bearer (Minotaur Fighter)         Turns: 1917, Time: 00:02:21

Health: 0/33       AC:  7    Str: 17 (20) XL:     3   Next: 23%
Magic:  2/2        EV:  7    Int:  2 (5)  God:
Gold:   68         SH:  9    Dex: 10 (11) Spells: 2/2 levels left

rFire   . . .      SeeInvis .   a - +0 long sword
rCold   . . .      Faith    .   e - +1 kite shield
rNeg    . . .      Spirit   .   b - +0 scale mail
rPois   .          Reflect  .   (helmet restricted)
rElec   .          Harm     .   (no cloak)
rCorr   .          Rampage  .   (no gloves)
Will    .....                   (no boots)
Stlth   ..........              (no amulet)
HPRegen 0.11/turn               (no ring)
MPRegen 0.08/turn               (no ring)

@: no status effects
A: horns 2, retaliatory headbutt
a: no special abilities


You were on level 4 of the Dungeon.
You visited 1 branch of the dungeon, and saw 4 of its levels.

You collected 68 gold pieces.

Inventory:

Hand Weapons
 a - a +0 long sword (weapon)
Armour
 b - a +0 scale mail (worn)
 c - a +0 buckler
 e - a +1 kite shield (worn)
Scrolls
 f - a scroll of identify {unknown}
 g - a scroll of teleportation {unknown}
 h - a scroll of noise
Potions
 d - 2 potions of might


   Skills:
 + Level 4.0 Fighting
 + Level 3.1 Long Blades
 + Level 4.0 Armour
 + Level 4.1 Shields


You had 2 spell levels left.
You didn't know any spells.
Your spell library contained the following spells:

 Spells                   Type           Power      Damage    Failure   Level
 Tukima's Dance           Hex            0%         N/A       100%        3
 Passage of Golubria      Tloc           0%         N/A       100%        4
 Yara's Violent Unravell  Hex/Tmut       0%         3d3       100%        5


Dungeon Overview and Level Annotations

Branches:
Dungeon (4/15)
 Temple: D:4-7

Altars:


Innate Abilities, Weirdness & Mutations

You have a pair of horns on your head.
You reflexively headbutt those who attack you in melee.


Message History

There is a stone staircase leading down here.
You climb downwards.
Found a robe and a scroll labelled QUOLAJI BEHO.
There is a stone staircase leading up here.
Found a book of Changes.
You see here a +0 robe.
The phantom hits you but does no damage.
The phantom completely misses you.
You closely miss the phantom. The phantom hits you.
The phantom blinks!
You blink.
The phantom hits you!
The phantom blinks!
You blink.
Unknown command.
You hit the phantom but do no damage. You block the phantom's attack.
You hit the phantom but do no damage. You block the phantom's attack.
The phantom hits you but does no damage.
You hit the phantom but do no damage. You block the phantom's attack.
You slash the phantom!
The phantom is moderately damaged.
The phantom hits you but does no damage.
You block the phantom's attack.
You slash the phantom!
The phantom is severely damaged.
You block the phantom's attack.
You closely miss the phantom.
The phantom is severely damaged.
The phantom hits you.
The phantom blinks!
You blink.
The phantom hits you.
The phantom blinks!
You blink.
The phantom hits you.
* * * LOW HITPOINT WARNING * * *
You miss the phantom.
The phantom is severely damaged.
The phantom hits you.
* * * LOW HITPOINT WARNING * * *
You closely miss the phantom.
The phantom is severely damaged.
The phantom barely misses you.
You hit the phantom.
The phantom is almost destroyed.
The phantom hits you but does no damage.
The phantom hits you.
You die...

#.# #.# #.# #.#
############.#######
####..........#........
...............[.<......
#####.#W:........?......
.......@................
#.###.#.###.#.....######
#.###.#.# #.#####.#
#.......# #.# #.#
#####.### # #.# #. #.# #


You could see a phantom.

Vanquished Creatures
  2 dart slugs
  3 endoplasms
  A giant cockroach (D:1)
  5 goblins
  5 hobgoblins
  A quokka (D:2)
  3 ball pythons
  3 bats
  2 frilled lizards
  7 rats
32 creatures vanquished.

Notes
Turn   | Place    | Note
-------+----------+-------------------------------------------
     0 | D:1      | Peloso the Minotaur Fighter began the quest for the Orb.
     0 | D:1      | Reached XP level 1. HP: 19/19 MP: 0/0
   170 | D:1      | Reached XP level 2. HP: 27/27 MP: 1/1
  1075 | D:2      | Reached XP level 3. HP: 26/33 MP: 2/2
  1560 | D:3      | Found a faded altar of an unknown god.
  1887 | D:3      | Noticed an ice beast
  1902 | D:4      | Noticed a phantom
  1917 | D:4      | Slain by a phantom

Illustrated notes

Levels and vault maps discovered:
D:1:      scummos_arrival_simple_crosswalls, layout_basic
D:2:      layout_loops_ring, nrook_campfire, due_unseen_surprise
D:3:      layout_loops_corners, shapermc_ecumenical_altar_acropolis,
          serial_bayou_crossing
D:4:      layout_basic, nemelex_spade_bored_becter

Skill      XL: |  1  2 |
---------------+-------+-----
Fighting       | 4 |  4.0
Shields        | 4 |  4.1
Armour         | 4 |  4.0
Long Blades    | 3 |  3.1

Action                   || total
-------------------------++-------
Melee: Long sword        ||    81
       Headbutt          ||    10
  Use: Scroll            ||     4
       Potion            ||     1
Armor: Scale mail        ||    42
Dodge: Dodged            ||    32
Block: Buckler           ||     4
       Kite shield       ||    32
